 Dungeon Crawl Stone Soup version 0.18.1-48-g4cf74bf (webtiles) character file.

578 Inkary the Ruffian (level 7, -2/61 HPs)
             Began as a Ghoul Monk on July 20, 2016.
             Shot with an arrow by a centaur (7 damage)
             ... on level 4 of the Dungeon.
             The game lasted 00:14:40 (2904 turns).

Inkary the Ruffian (Ghoul Monk)                     Turns: 2904, Time: 00:14:41

Health: -2/61      AC:  5    Str: 14    XL:     7   Next: 35%
Magic:  6/6        EV: 12    Int:  7    God:
Gold:   128        SH:  3    Dex: 12    Spells: 0 memorised, 6 levels left

rFire  . . .     SeeInvis +       - Unarmed
rCold  + . .     Gourm    .     n - +2 leather armour of Wasted Space {rElec rN+ Str-2 SInv}
rNeg   + + +     Faith    .     p - +0 buckler
rPois  ∞         Spirit   .     (no helmet)
rElec  +         Dismiss  .     (no cloak)
rCorr  .         Reflect  .     (no gloves)
SustAt .         Harm     .     (no boots)
MR     .....                    (no amulet)
Stlth  ++........               (no ring)
                                k - +2 ring of intelligence

@: flying, very slightly contaminated, rotting, hasted, very quick, not
resistant to hostile enchantments, unstealthy
A: rotting body, claws 1, carnivore 3, cold resistance 1, negative energy
resistance 3, slow regeneration 1, torment resistance, unbreathing
a: no special abilities


You were on level 4 of the Dungeon.
You were not hungry.

You visited 1 branch of the dungeon, and saw 4 of its levels.

You collected 128 gold pieces.

Inventory:

Armour
 n - the +2 leather armour of Wasted Space (worn) {rElec rN+ Str-2 SInv}
   (You found it on level 4 of the Dungeon)

   It affects your strength (-2).
   It insulates you from electricity.
   It protects you from negative energy.
   It lets you see invisible.
 p - a +0 buckler (worn)
Jewellery
 k - a +2 ring of intelligence (left claw)
Wands
 m - a wand of confusion (48/48)
Scrolls
 a - a scroll of fog {unknown}
 d - a scroll of teleportation {unknown}
 g - 2 scrolls of remove curse
 h - 2 scrolls of enchant weapon
 l - a scroll of blinking
Potions
 j - a potion of cancellation {unknown}
Comestibles
 b - 4 meat rations
 i - a slice of pizza


   Skills:
 - Level 5.2 Fighting
 + Level 1.1 Armour
 - Level 4.0 Dodging
 - Level 4.7 Stealth
 + Level 0.3 Shields
 - Level 6.2 Unarmed Combat


You had 6 spell levels left.
You didn't know any spells.

Dungeon Overview and Level Annotations

Branches:
Dungeon (4/15)
 Temple: D:4-7

Altars:
Nemelex Xobeh
Sif Muna
Vehumet
The Shining One

Annotations:
D:4 Edmund


Innate Abilities, Weirdness & Mutations

Your body is rotting away.
You thrive on raw meat.
You are immune to poison.
You have sharp fingernails.
You are carnivorous and can eat meat at any time.
Your flesh is cold resistant.
You are immune to negative energy.
You regenerate slowly when monsters are visible.
You are immune to unholy pain and torment.
You can survive without breathing.


Message History

Edmund looks slightly unstable.
It is a wand of teleportation.
You scratch Edmund.
Edmund is almost dead.
Edmund zaps a wand.
You feel strangely unstable.
Edmund zaps a wand.
You feel strangely stable.
The centaur shoots an arrow.
The arrow closely misses you.
The centaur shoots an arrow.
The arrow hits you.
* * * LOW HITPOINT WARNING * * *
You see here an arrow.
Eat which item? (? for menu, Esc to quit)
You can't eat that!
Drink which item? (? for menu, Esc to quit)
It was a potion of haste.
You feel yourself speed up.
You are very lightly contaminated with residual magic.
You are too injured to fight recklessly!
Drink which item? (? for menu, Esc to quit)
It was a potion of flight.
You feel very buoyant.
You fly up into the air.
The centaur shoots an arrow.
The arrow hits you!
You die...

.#.#.##.##.###.#.#............#.#
..[.........##(#.#...............
...............#.#............#.#
............(.................#.#
.#.#.........#.#.##.###.####..#.#
..........(......##.# #.# #..#.#
.#.#.##......###(##.###.####..#.#
##.#.##.......c...............#.#
......#.###@#.#..#.####.##.#
##....#§###(#.#..#.####.##.#
#........................##
.........##.#.##.#........#.
.........(..................
..........(........##.##.##.
##....#.##.....#.#.##.##.###
#....#.###.#..#.#.##.##.#.#
#....#.###(#..#...##.##.#.#


You could see a centaur.

Vanquished Creatures
  Sigmund (D:2)
  The ghost of Inkary the Ruffian, an amateur MiMo (D:4)
  An orc wizard (D:3)
  Natasha (twice) (D:2)
  Terence (D:2)
  Ijyb (D:2)
  2 worker ants (D:4)
  Robin (D:2)
  6 adders
  2 oozes
  3 dart slugs
  2 worms (D:2)
  3 giant geckos
  6 orcs (D:3)
  7 bats
  3 giant cockroaches (D:1)
  9 goblins (D:2)
  10 hobgoblins
  4 jackals (D:3)
  2 quokkas (D:2)
  4 ball pythons
  3 giant newts
  3 kobolds
  4 rats
81 creatures vanquished.

Notes
Turn   | Place    | Note
--------------------------------------------------------------
     0 | D:1      | Inkary the Ghoul Monk began the quest for the Orb.
     0 | D:1      | Reached XP level 1. HP: 19/19 MP: 0/0
    53 | D:1      | Reached XP level 2. HP: 24/26 MP: 1/1
   632 | D:1      | Reached XP level 3. HP: 33/33 MP: 2/2
   712 | D:2      | Noticed Terence
   763 | D:2      | Killed Terence
   816 | D:2      | Noticed Sigmund
   816 | D:2      | Noticed Robin
   848 | D:2      | Reached XP level 4. HP: 27/40 MP: 3/3
   866 | D:2      | Killed Robin
  1117 | D:2      | Reached skill level 5 in Unarmed Combat
  1142 | D:2      | Noticed Ijyb
  1151 | D:2      | Killed Ijyb
  1151 | D:2      | Reached XP level 5. HP: 40/46 MP: 4/4
  1339 | D:2      | Killed Sigmund
  1339 | D:2      | Reached XP level 6. HP: 46/53 MP: 5/5
  1401 | D:2      | Found a deep blue altar of Sif Muna.
  1401 | D:2      | Found a sparkling altar of Nemelex Xobeh.
  1579 | D:2      | Noticed Natasha
  1587 | D:2      | Killed Natasha
  1623 | D:2      | Noticed Natasha
  1640 | D:2      | Killed Natasha
  1696 | D:3      | Found a glowing golden altar of the Shining One.
  1908 | D:3      | Reached skill level 5 in Fighting
  2091 | D:3      | Reached XP level 7. HP: 34/61 MP: 6/6
  2359 | D:4      | Found a radiant altar of Vehumet.
  2359 | D:4      | Noticed Inkary's ghost (amateur MiMo)
  2382 | D:4      | Killed Inkary's ghost
  2382 | D:4      | Reached skill level 6 in Unarmed Combat
  2662 | D:4      | Got a faintly glowing leather armour
  2673 | D:4      | Identified the +2 leather armour of Wasted Space {rElec rN+ Str-2 SInv} (You found it on level 4 of the Dungeon)
  2751 | D:4      | Reached skill level 1 in Armour
  2843 | D:4      | Noticed Edmund
  2904 | D:4      | Shot with an arrow by a centaur

Skill      XL: |  1  2  3  4  5  6  7 |
---------------+----------------------+-----
Dodging        | 3 4 |  4.0
Fighting       | 4 5 |  5.2
Stealth        | 3 4 |  4.7
Unarmed Combat | 5 6 |  6.2
Armour         | 1 |  1.1
Shields        | |  0.3

Action                   |  1- 3 |  4- 6 |  7- 9 || total
-------------------------+-------+-------+-------++-------
Melee: Unarmed           |    76 |   143 |    66 ||   285
       Punch             |     2 |     4 |       ||     6
  Use: Scroll            |       |     6 |       ||     6
       Potion            |       |     2 |     3 ||     5
 Stab: Sleeping          |     2 |     3 |       ||     5
       Distracted        |       |     1 |       ||     1
  Eat: Chunk             |    17 |    19 |     5 ||    41
Armor: Robe              |    13 |    31 |     3 ||    47
       Leather armour    |       |       |     7 ||     7
Dodge: Dodged            |    53 |   149 |    45 ||   247
Block: Buckler           |       |       |     4 ||     4
